 Dungeon Crawl Stone Soup version 0.29-a0-721-g7f417c9bbb (webtiles) character file.

Game seed: 2528345674164229120

230 gobodom the Stinger (level 6, -1/36 HPs)
             Began as an Octopode Venom Mage on June 27, 2022.
             Slain by a phantom (5 damage)
             ... on level 4 of the Dungeon.
             The game lasted 00:16:53 (3152 turns).

gobodom the Stinger (Octopode Venom Mage)           Turns: 3152, Time: 00:16:54

Health: -1/36      AC:  3    Str:  9    XL:     6   Next: 3%
Magic:  9/10       EV: 13    Int: 17    God:
Gold:   167        SH:  0    Dex: 13    Spells: 7/11 levels left

rFire   + . .      SeeInvis .   i - staff of fire
rCold   . . .      Faith    .   (no shield)
rNeg    . . .      Spirit   .   d - +2 hat
rPois   .          Reflect  .   (no amulet)
rElec   .          Harm     .   (no ring)
rCorr   .          Rampage  .   (no ring)
Will    .....                   (no ring)
Stlth   +++.......              (no ring)
HPRegen 0.12/turn               (no ring)
MPRegen 0.12/turn               (no ring)
                                (no ring)
                                (no ring)

@: no status effects
A: almost no armour, amphibious, 8 rings, camouflage 1, gelatinous body 1,
(nimble swimmer 1), tentacles
a: no special abilities


You were on level 4 of the Dungeon.
You visited 1 branch of the dungeon, and saw 4 of its levels.

You collected 167 gold pieces.

Inventory:

Hand Weapons
 q - a +0 whip of electrocution
Missiles
 c - 3 curare-tipped darts
 m - 18 poisoned darts
Armour
 d - a +2 hat (worn)
 n - an orb of light
Magical Staves
 i - a staff of fire (weapon)
 l - a staff of poison
Wands
 o - a wand of paralysis (8)
Scrolls
 f - 2 scrolls of teleportation
 j - a scroll of noise {unknown}
 k - 3 scrolls of amnesia
 r - a scroll of identify {unknown}
Potions
 a - a potion of magic
 b - a potion of might {unknown}
 e - 2 potions of degeneration {unknown}
 g - a potion of resistance {unknown}
 h - 2 potions of invisibility {unknown}
 p - 2 potions of curing {unknown}


   Skills:
 + Level 2.2 Dodging
 + Level 3.7 Stealth
 + Level 0.8 Unarmed Combat
 + Level 3.0 Spellcasting
 + Level 2.5 Transmutations
 + Level 5.2 Poison Magic
 * Level 1.5 Evocations


You had 7 spell levels left.
You knew the following spells:

 Your Spells              Type           Power      Damage    Failure   Level
a - Sting                 Tmut/Pois      60%        1d6       3%          1
b - Poisonous Vapours     Pois/Air       22%        N/A       9%          2
c - Magic Dart            Conj           8%         1d3       17%         1

Your spell library contained the following spells:

 Spells                   Type           Power      Damage    Failure   Level
 Necrotize                Necr           8%         1d4       17%         1
 Summon Small Mammal      Summ           8%         N/A       17%         1
 Ignite Poison            Fire/Tmut/Pois 17%        N/A       19%         3
 Olgreb's Toxic Radiance  Pois           20%        N/A       21%         4
 Searing Ray              Conj           4%         2d4       26%         2
 Mephitic Cloud           Conj/Pois/Air  8%         N/A       26%         3
 Call Canine Familiar     Summ           2%         N/A       45%         3
 Ozocubu's Armour         Ice            2%         N/A       45%         3
 Summon Guardian Golem    Hex/Summ       2%         N/A       45%         3
 Vampiric Draining        Necr           2%         2d6       45%         3
 Fulminant Prism          Conj/Hex       1%         3d6       86%         4
 Agony                    Necr           2%         N/A       99%         5
 Freezing Cloud           Conj/Ice/Air   1%         6-21      99%         5
 Metabolic Englaciation   Hex/Ice        1%         N/A       99%         5
 Simulacrum               Ice/Necr       1%         N/A       100%        6


Dungeon Overview and Level Annotations

Branches:
Dungeon (4/15)
 Temple: D:4-7

Altars:

Annotations:
D:4 Blork the orc, Sigmund


Innate Abilities, Weirdness & Mutations

You cannot wear most types of armour.
You are amphibious.
You can wear up to eight rings at the same time.
Your skin changes colour to match your surroundings (Stealth+).
Your rubbery body absorbs attacks. (AC +1, EV +1)
((You are camouflaged when in or above water. (Stealth+)))
You have tentacles for arms and can constrict up to eight enemies at once.


Message History

The phantom misses you.
You hit the phantom but do no damage. You squeeze the phantom.
The phantom is lightly damaged.
The phantom hits you!
You hit the phantom.
The phantom is lightly damaged.
The phantom hits you. The phantom hits you!
Your magical contamination has completely faded away.
You hit the phantom. Your squeeze misses the phantom.
The phantom is moderately damaged.
The phantom misses you.
You barely miss the phantom.
The phantom is moderately damaged.
The phantom hits you but does no damage.
You closely miss the phantom.
The phantom is moderately damaged.
The phantom hits you!
* * * LOW HITPOINT WARNING * * *
You miss the phantom. You squeeze the phantom.
The phantom is heavily damaged.
The phantom hits you but does no damage.
You completely miss the phantom.
The phantom is heavily damaged.
The phantom hits you.
* * * LOW HITPOINT WARNING * * *
The phantom closely misses you.
You hit the phantom but do no damage. You squeeze the phantom.
The phantom is heavily damaged.
The phantom barely misses you.
You hit the phantom. Your squeeze misses the phantom.
The phantom is heavily damaged.
The phantom hits you.
* * * LOW HITPOINT WARNING * * *
You closely miss the phantom.
The phantom is heavily damaged.
The phantom closely misses you.
You barely miss the phantom. Your squeeze misses the phantom.
The phantom is heavily damaged.
The phantom hits you.
You die...

#.....≈###≈≈≈≈###≈....#
#......≈≈≈≈≈≈≈≈≈≈..####
#......≈≈≈≈≈≈≈≈≈≈..#
#.....≈###≈≈≈≈###≈.#
######.....#...#≈≈#...#.#
#..........#.⌠.#..#.⌠.#.#
#..........#...#..#...#.# ..
#.......)...###....###..###....
#.............@W...............
#............#...........§....#
#............##................
#..........†.##....<...........
#............'.##.#............
###............#.##.#§#####...#..
...............#.##.#.#..........
......#######)#.....#.#.###.#.###
......# #)#######.#.# ...


You could see a phantom.

Vanquished Creatures
  An ice beast (D:3)
  An orc priest (D:4)
  An adder (D:2)
  3 worms
  A dart slug (D:1)
  6 orcs
  11 bats
  6 endoplasms
  6 giant cockroaches
  4 hobgoblins
  7 kobolds
  A quokka (D:1)
  10 ball pythons
  7 frilled lizards
  9 goblins
  10 rats
84 creatures vanquished.

Notes
Turn   | Place    | Note
-------+----------+-------------------------------------------
     0 | D:1      | gobodom the Octopode Venom Mage began the quest for the
                  | Orb.
     0 | D:1      | Reached XP level 1. HP: 11/11 MP: 3/3
   124 | D:1      | Reached XP level 2. HP: 17/17 MP: 1/5
   384 | D:1      | Reached skill level 4 in Poison Magic
   504 | D:1      | Reached XP level 3. HP: 21/21 MP: 2/6
  1215 | D:2      | Reached XP level 4. HP: 27/27 MP: 2/7
  1399 | D:2      | Found a faded altar of an unknown god.
  1931 | D:3      | Noticed an ice beast
  1960 | D:3      | Killed an ice beast
  1961 | D:3      | Reached skill level 1 in Evocations
  1961 | D:3      | Reached XP level 5. HP: 10/31 MP: 1/9
  2214 | D:3      | Learned a level 2 spell: Poisonous Vapours
  2603 | D:4      | Noticed a phantom
  2607 | D:4      | Learned a level 1 spell: Magic Dart
  2647 | D:4      | Reached skill level 5 in Poison Magic
  2683 | D:4      | Noticed Blork the orc
  2884 | D:4      | Reached XP level 6. HP: 36/36 MP: 6/10
  2904 | D:4      | Noticed Sigmund
  3152 | D:4      | Slain by a phantom

Illustrated notes

Levels and vault maps discovered:
D:1:      ncdulo_watergridlock, layout_basic
D:2:      layout_rooms, ebering_ecumenical_altar_rust
D:3:      layout_rooms, st_stairs_1
D:4:      layout_basic, fountainhead, uniq_blork_the_orc, uniq_sigmund

Skill      XL: |  1  2  3  4  5 |
---------------+----------------+-----
Stealth        | 3 |  3.7
Poison Magic   | 4 5 |  5.2
Transmutations | 2 |  2.5
Spellcasting   | 3 |  3.0
Evocations     | 1 |  1.5
Dodging        | |  2.2
Unarmed Combat | |  0.8

Action                   |  1- 3 |  4- 6 || total
-------------------------+-------+-------++-------
Melee: Unarmed           |    47 |     9 ||    56
       Tentacles         |    12 |    12 ||    24
       Constrict         |    11 |    10 ||    21
       Staff             |       |    41 ||    41
 Cast: Sting             |    54 |    49 ||   103
       Poisonous Vapours |       |     6 ||     6
       Magic Dart        |       |     8 ||     8
  Use: Scroll            |       |     5 ||     5
 Stab: Sleeping          |     1 |       ||     1
Armor: Skin              |    10 |    22 ||    32
Dodge: Dodged            |    38 |    53 ||    91

Table legend: (Time is in decaauts)
 A = Elapsed time spent in this place.
 B = Non-inter-level travel time spent in this place.
 C = Inter-level travel time spent in this place.
 D = Time resting spent in this place.
 E = Time spent auto-exploring this place.
 F = Levels seen in this place.
 G = Mean time per level.
                   A        B        C        D        E       F      G
               +--------+--------+--------+--------+--------+-----+--------+
         Total |   3158 |   3158 |      0 |    430 |   1766 |   4 |  789.5 |
       Dungeon |   3158 |   3158 |      0 |    430 |   1766 |   4 |  789.5 |
               +--------+--------+--------+--------+--------+-----+--------+

Top non-repeatable levels by time:
     D:3: 943 daAuts
     D:1: 856 daAuts
     D:2: 712 daAuts
     D:4: 646 daAuts
